 Dungeon Crawl Stone Soup version 0.30-a0-748-ge6a52f7cba (webtiles) character file.

Game seed: 8806079407151517107

61 boo the Insei (level 3, 0/29 HPs)
             Began as a Demonspawn Monk on Feb 9, 2023.
             Succumbed to an adder's poison
             ... on level 2 of the Dungeon.
             The game lasted 00:02:21 (1246 turns).

boo the Insei (Demonspawn Monk)                     Turns: 1246, Time: 00:02:21

Health: 0/29       AC:  2    Str: 13    XL:     3   Next: 83%
Magic:  3/3        EV: 13    Int: 11    God:
Gold:   52         SH:  0    Dex: 15    Spells: 2/2 levels left

rFire   . . .      SeeInvis .      - Unarmed
rCold   . . .      Faith    .    (no shield)
rNeg    . . .      Spirit   .    a - +0 robe
rPois   .          Reflect  .    (no helmet)
rElec   .          Harm     .    (no cloak)
rCorr   .          Rampage  .    (no gloves)
Will    .....                    (no boots)
Stlth   ++                       (no amulet)
HPRegen 0.24/turn                (no ring)
MPRegen 0.16/turn                (no ring)

@: lethally poisoned (0 -> -15)
A: ignite blood 1, magic regeneration
a: no special abilities


You were on level 2 of the Dungeon.
You visited 1 branch of the dungeon, and saw 2 of its levels.

You collected 52 gold pieces.

Inventory:

Armour
 a - a +0 robe (worn)
Scrolls
 c - a scroll of magic mapping {unknown}
 e - 3 scrolls of poison {unknown}
 f - 4 scrolls of identify {unknown}
 k - a scroll of butterflies {unknown}
 m - a scroll of immolation {unknown}
Potions
 b - a potion of ambrosia
 d - 2 potions of haste {unknown}
 g - a potion of curing {unknown}
 h - a potion of might {unknown}
 i - 3 potions of brilliance {unknown}
 j - a potion of flight {unknown}
 l - 2 potions of lignification {unknown}
 n - a potion of mutation {unknown}


   Skills:
 + Level 3.4 Fighting
 + Level 3.1 Dodging
 - Level 1.7 Stealth
 * Level 3.6 Unarmed Combat


You had 2 spell levels left.
You didn't know any spells.
Your spell library was empty.

Dungeon Overview and Level Annotations

Branches:
Dungeon (2/15)

Altars:

Shops:
D:2 [*


Innate Abilities, Weirdness & Mutations

Your demonic aura sometimes causes spilled blood to erupt in flames.
You regenerate magic rapidly.


Message History

Found a scroll labelled ECUZIT REMP.
An adder comes into view.
The adder hisses angrily.
You hit the adder.
The adder is moderately wounded.
The adder bites you.
You are poisoned.
The adder poisons you!
You hit the adder.
The adder is severely wounded.
You feel sick. The adder bites you.
You are more poisoned.
The adder poisons you!
You closely miss the adder.
The adder is severely wounded.
You feel sick. The adder barely misses you. The adder bites you.
The adder misses you.
You closely miss the adder.
The adder is severely wounded.
You feel sick. The adder bites you.
You are more poisoned.
The adder poisons you! The adder barely misses you.
A ball python comes into view.
The ball python hisses angrily.
You hit the adder.
You kill the adder!
You feel very sick. The adder bites you but does no damage.
You feel sick. The adder bites you.
You are lethally poisoned!
The adder poisons you! The adder bites you.
You closely miss the adder.
* * * LOW HITPOINT WARNING * * *
You feel very sick. The adder bites you.
* * * LOW HITPOINT WARNING * * *
You are more poisoned.
The adder poisons you!
You hit the adder but do no damage.
You die...

##### ##### ..#. #?.
....# ... ....
###.#### ... ..##
#..# #....#
#..###..###..#
####.##
#..#....#..### #..#
#.....@SS..... # ##.#
#.........####
#######.###.........#
..........#.........#
######....#.........#
# #....#.........# #
#..>...)......## #
####....#....## #
#...###..##


You could see an adder and a ball python.

Vanquished Creatures
  2 adders (D:2)
  2 dart slugs
  2 endoplasms (D:1)
  2 giant cockroaches (D:1)
  4 hobgoblins
  A quokka (D:1)
  6 ball pythons
  3 bats (D:1)
  A frilled lizard (D:1)
  7 goblins
  5 kobolds (D:1)
  3 rats (D:1)
38 creatures vanquished.

Notes
Turn   | Place    | Note
-------+----------+-------------------------------------------
     0 | D:1      | boo the Demonspawn Monk began the quest for the Orb.
     0 | D:1      | Reached XP level 1. HP: 18/18 MP: 1/1
   126 | D:1      | Gained mutation: Your demonic aura sometimes causes spilled
                  | blood to erupt in flames. [demonic ancestry]
   126 | D:1      | Reached XP level 2. HP: 6/24 MP: 2/2
   577 | D:1      | Gained mutation: You regenerate magic rapidly. [demonic
                  | ancestry]
   577 | D:1      | Reached XP level 3. HP: 23/29 MP: 3/3
   953 | D:2      | Found Uvvynugakh's Antique Armour Boutique.
  1163 | D:2      | Found Rugoc's Assorted Antiques.
  1246 | D:2      | Succumbed to an adder's poison

Illustrated notes

Levels and vault maps discovered:
D:1:      dpeg_arrival_arbitrary_c, layout_rooms, minmay_tetromino_s4
D:2:      layout_rooms, nicolae_ecumenical_snake_handling, serial_shops, shop,
          shop, nicolae_shop_advertising_works [nicolae_subvault_shop_adworks],
          nicolae_shop_window_shopping

Skill      XL: |  1  2 |
---------------+-------+-----
Unarmed Combat | 3 |  3.6
Dodging        | 3 |  3.1
Fighting       | |  3.4
Stealth        | |  1.7

Action                     || total
---------------------------++-------
  Melee: Unarmed           ||   136
         Punch             ||     2
   Stab: Sleeping          ||     6
 Armour: Robe              ||    21
  Dodge: Dodged            ||    82

Table legend: (Time is in decaauts)
 A = Elapsed time spent in this place.
 B = Non-inter-level travel time spent in this place.
 C = Inter-level travel time spent in this place.
 D = Time resting spent in this place.
 E = Time spent auto-exploring this place.
 F = Levels seen in this place.
 G = Mean time per level.
                   A        B        C        D        E       F      G
               +--------+--------+--------+--------+--------+-----+--------+
         Total |   1238 |   1207 |     31 |    236 |    691 |   2 |  619.0 |
       Dungeon |   1238 |   1207 |     31 |    236 |    691 |   2 |  619.0 |
               +--------+--------+--------+--------+--------+-----+--------+

Top non-repeatable levels by time:
     D:1: 823 daAuts
     D:2: 415 daAuts
